 Dungeon Crawl Stone Soup version 0.30-a0-210-g01b79a254e (webtiles) character file.

Game seed: 17856607143684167243

657 Iusername the Slasher (level 7, -1/61 HPs)
             Began as a Minotaur Fighter on Oct 4, 2022.
             Was an Initiate of Gozag.
             Slain by a phantom (6 damage)
             ... on level 5 of the Dungeon.
             The game lasted 00:08:18 (3433 turns).

Iusername the Slasher (Minotaur Fighter)            Turns: 3433, Time: 00:08:19

Health: -1/61      AC: 10    Str: 22    XL:     7   Next: 29%
Magic:  6/6        EV: 10    Int:  5    God:    Gozag
Gold:   108        SH:  5    Dex: 10    Spells: 6/6 levels left

rFire   . . .      SeeInvis .    a - +0 long sword
rCold   . . .      Faith    .    c - +0 buckler
rNeg    . . .      Spirit   .    b - +0 scale mail
rPois   .          Reflect  .    (helmet restricted)
rElec   .          Harm     .    (no cloak)
rCorr   .          Rampage  .    t - +0 pair of gloves
Will    .....                    l - +0 pair of boots
Stlth   ..........               s - amulet of regeneration
HPRegen 1.10/turn                (no ring)
MPRegen 0.10/turn                (no ring)

@: gold aura
A: horns 2, retaliatory headbutt
a: Renounce Religion, Potion Petition, Call Merchant, Bribe Branch


You were on level 5 of the Dungeon.
You worshipped Gozag.
Gozag was aware of your devotion.
You visited 2 branches of the dungeon, and saw 6 of its levels.

You collected 131 gold pieces.
You paid 23 gold pieces to Gozag.

Inventory:

Hand Weapons
 a - a +0 long sword (weapon)
Armour
 b - a +0 scale mail (worn)
 c - a +0 buckler (worn)
 l - a +0 pair of boots (worn)
 t - a +0 pair of gloves (worn)
Jewellery
 f - an amulet of the acrobat
 g - a +4 ring of evasion
 s - an amulet of regeneration (around neck)
Scrolls
 e - a scroll of blinking {unknown}
 h - 3 scrolls of noise {unknown}
 i - 6 scrolls of teleportation
 j - a scroll of fear
 m - 2 scrolls of amnesia
 n - 2 scrolls of identify
 o - a scroll of fog
 p - a scroll of vulnerability {unknown}
 q - a scroll of poison {unknown}
Potions
 d - 5 potions of might
 k - 3 potions of magic
 r - a potion of curing {unknown}


   Skills:
 + Level 5.3 Fighting
 + Level 6.2 Long Blades
 + Level 5.6 Armour
 + Level 2.3 Dodging
 + Level 0.6 Stealth
 + Level 5.1 Shields


You had 6 spell levels left.
You didn't know any spells.
Your spell library contained the following spells:

 Spells                   Type           Power      Damage    Failure   Level
 Foxfire                  Conj/Fire      0%         2x1d4     86%         1
 Blink                    Tloc           0%         N/A       95%         2
 Momentum Strike          Conj/Tloc      0%         3d8       95%         2
 Lesser Beckoning         Tloc           0%         N/A       99%         3
 Fireball                 Conj/Fire      0%         3d3       100%        5
 Starburst                Conj/Fire      0%         6d3       100%        6


Dungeon Overview and Level Annotations

Branches:
Dungeon (5/15)             Temple (1/1) D:4

Altars:
Ashenzari
Cheibriados
Elyvilon
Gozag
Hepliaklqana
Kikubaaqudgha
Makhleb
Okawaru
Qazlal
Ru
Sif Muna
Uskayaw
Vehumet
Wu Jian
Xom
Yredelemnul
Zin

Shops:
D:1 !


Innate Abilities, Weirdness & Mutations

You have a pair of horns on your head.
You reflexively headbutt those who attack you in melee.


Message History

The ogre is moderately wounded.
The phantom hits you.
The phantom blinks!
You blink.
Found a stone staircase leading down.
The phantom barely misses you.
The ogre hits you with a +0 giant club!!
There are monsters nearby!
You barely miss the ogre.
The ogre is moderately wounded.
You block the phantom's attack.
There are monsters nearby!
You hit the ogre. You headbutt the ogre!
The ogre is almost dead.
The ogre hits you with a +0 giant club! The phantom closely misses you.
You furiously retaliate!
You headbutt the phantom.
There are monsters nearby!
You are too injured to fight recklessly!
There are monsters nearby!
You are too injured to fight recklessly!
There are monsters nearby!
There are monsters nearby!
You are too injured to fight recklessly!
The phantom closely misses you. The ogre hits you with a +0 giant club!
You hit the ogre. Your headbutt misses the ogre.
The ogre is almost dead.
You block the phantom's attack.
You closely miss the ogre. You headbutt the ogre.
The ogre is almost dead.
The ogre hits you with a +0 giant club. You block the phantom's attack.
You barely miss the ogre.
The ogre is almost dead.
The phantom barely misses you. The ogre hits you with a +0 giant club!
* * * LOW HITPOINT WARNING * * *
It was a potion of magic.
Magic courses through your body. The phantom hits you.
* * * LOW HITPOINT WARNING * * *
The ogre misses you. You furiously retaliate!
You headbutt the ogre!
You kill the ogre!
Your Long Blades skill increases to level 6!
The phantom hits you.
You die...
Your body crumbles into a pile of gold.

#.## #..#.....#.
#..######^#..#....<##
##.......... #.#.....
#.####..######.# .. #..(.#
#.......# ....##.. ......#
#.<......##.....#. ........
#.....#........##...#####..
##..###.......## ... .# ###
#..W@...##... .+
#........... ###.........
###....... ....... .......
.##>#.. #. .#.. . .


You could see a phantom.

Vanquished Creatures
  Grinder (D:3)
  An ogre (D:5)
  A howler monkey (D:4)
  2 orc priests (D:4)
  A jelly (D:4)
  2 iguanas
  4 gnolls (D:3)
  5 adders
  2 worms
  2 dart slugs (D:2)
  An orc (D:4)
  8 ball pythons
  8 bats
  4 endoplasms
  6 giant cockroaches
  10 goblins
  15 hobgoblins
  4 kobolds
  5 quokkas
  6 frilled lizards
  5 rats
93 creatures vanquished.

Vanquished Creatures (others)
  A goblin (D:3)
  A rat (D:3)
  A plant (D:4)
3 creatures vanquished.

Grand Total: 96 creatures vanquished

Notes
Turn   | Place    | Note
-------+----------+-------------------------------------------
     0 | D:1      | Iusername the Minotaur Fighter began the quest for the Orb.
     0 | D:1      | Reached XP level 1. HP: 19/19 MP: 0/0
   100 | D:1      | Reached XP level 2. HP: 24/27 MP: 1/1
   139 | D:1      | Found Yqourch's Distillery.
   913 | D:2      | Reached XP level 3. HP: 22/33 MP: 2/2
  1189 | D:2      | Reached XP level 4. HP: 36/40 MP: 3/3
  1535 | D:3      | Reached skill level 3 in Long Blades
  1619 | D:3      | Found a faded altar of an unknown god.
  1719 | D:3      | Found a shimmering altar of Xom.
  1742 | D:3      | Noticed Grinder
  1755 | D:3      | Killed Grinder
  1756 | D:3      | Reached skill level 4 in Long Blades
  1756 | D:3      | Reached skill level 5 in Armour
  1756 | D:3      | Reached skill level 1 in Dodging
  1756 | D:3      | Reached skill level 5 in Shields
  1756 | D:3      | Reached XP level 5. HP: 33/47 MP: 4/4
  1756 | D:3      | Reached XP level 6. HP: 39/55 MP: 5/5
  2156 | D:3      | Reached skill level 5 in Long Blades
  2503 | D:4      | Reached skill level 5 in Fighting
  2852 | D:4      | Reached XP level 7. HP: 43/61 MP: 6/6
  2867 | D:4      | Found a staircase to the Ecumenical Temple.
  2916 | Temple   | Entered the Ecumenical Temple
  3003 | Temple   | Became a worshipper of Gozag Ym Sagoz the Greedy
  3352 | D:5      | Entered Level 5 of the Dungeon
  3433 | D:5      | Reached skill level 6 in Long Blades
  3433 | D:5      | Slain by a phantom

Illustrated notes

Levels and vault maps discovered:
D:1:      matt_arrival_los_fun, layout_basic, serial_shops, shop
D:2:      layout_basic
D:3:      layout_loops_ring, xom_confusion_cloud,
          shapermc_ecumenical_altar_mp_highgroup, uniq_grinder
D:4:      layout_basic, minmay_temple_entry_statues_pillars, serial_bayou,
          serial_bayou_pond_e, serial_bayou_pond_b, serial_bayou_pond_c,
          serial_bayou_shore_b
D:5:      layout_cave_pools, serial_column_ruins, column_ruins_open_medium,
          column_ruins_open_tiny, column_ruins_grid_2,
          column_ruins_open_medium_water, column_ruins_columns_T, serial_shops,
          nicolae_shop_behind_doors, uniq_duvessa, uniq_prince_ribbit1
Temple:   compressed_dpeg_triangle_lava_temple

Skill      XL: |  1  2  3  4  5  6  7 |
---------------+----------------------+-----
Fighting       | 4 5 |  5.3
Armour         | 4 5 |  5.6
Shields        | 4 5 |  5.1
Long Blades    | 4 5 6 |  6.2
Dodging        | 1 2 |  2.3
Stealth        | |  0.6

Action                   |  1- 3 |  4- 6 |  7- 9 || total
-------------------------+-------+-------+-------++-------
Melee: Long sword        |   100 |   104 |    40 ||   244
       Headbutt          |    11 |    23 |     9 ||    43
  Use: Potion            |       |     1 |     1 ||     2
       Scroll            |       |     4 |       ||     4
Armor: Scale mail        |    61 |    35 |    11 ||   107
Dodge: Dodged            |    72 |    62 |    20 ||   154
Block: Buckler           |    25 |    28 |     8 ||    61

Table legend: (Time is in decaauts)
 A = Elapsed time spent in this place.
 B = Non-inter-level travel time spent in this place.
 C = Inter-level travel time spent in this place.
 D = Time resting spent in this place.
 E = Time spent auto-exploring this place.
 F = Levels seen in this place.
 G = Mean time per level.
                   A        B        C        D        E       F      G
               +--------+--------+--------+--------+--------+-----+--------+
         Total |   3497 |   3366 |    131 |    166 |   2486 |   6 |  582.8 |
       Dungeon |   3386 |   3272 |    114 |    166 |   2433 |   5 |  677.2 |
        Temple |    110 |     93 |     17 |      0 |     53 |   1 |  110.0 |
               +--------+--------+--------+--------+--------+-----+--------+

Top non-repeatable levels by time:
     D:3: 1045 daAuts
     D:4: 830 daAuts
     D:1: 827 daAuts
     D:2: 600 daAuts
  Temple: 110 daAuts
     D:5: 83 daAuts
